 Dungeon Crawl Stone Soup version 0.30-a0-919-g9323dee000 (webtiles) character file.

Game seed: 14313770802873688108

1495 Cecky the Conjurer (level 8, -4/58 (61) HPs)
             Began as a Gnoll Conjurer on Mar 20, 2023.
             Was a Follower of Ashenzari.
             Slain by a steam dragon (10 damage)
             ... on level 6 of the Dungeon on Mar 21, 2023.
             The game lasted 00:26:56 (7062 turns).

Cecky the Conjurer (Gnoll Conjurer)                 Turns: 7062, Time: 00:26:58

HP:   -4/58 (61)    AC:  2    Str:  9    XL:     8   Next: 81%
MP:   9/18          EV: 13    Int: 18    God:    Ashenzari [*.....]
Gold: 257           SH:  0    Dex: 10    Spells: 15/21 levels left

rFire   . . .      SeeInvis .    u - +2 whip "Gaze Upon Infinity" {venom, Comp, Self} (curse)
rCold   . . .      Faith    .    (no shield)
rNeg    . . .      Spirit   .    a - +0 robe of Ashenzari's Urgency {Alch, Range} (curse)
rPois   .          Reflect  .    (no helmet)
rElec   .          Rampage  .    (no cloak)
rCorr   .                        (no gloves)
Will    .....                    (no boots)
Stlth   +++                      (no amulet)
HPRegen 0.29/turn                (no ring)
MPRegen 0.16/turn                (no ring)

@: lightly drained
A: fangs 1, strong nose, distributed training
a: Renounce Religion, Shatter the Chains


You were on level 6 of the Dungeon.
You worshipped Ashenzari.
Ashenzari was aware of your devotion.
You visited 2 branches of the dungeon, and saw 7 of its levels.
You also visited: Sewer.

You collected 257 gold pieces.

Inventory:

Hand Weapons
 u - the cursed +2 whip "Gaze Upon Infinity" (weapon) {venom, Comp, Self}
   (You took it off a gnoll on level 4 of the Dungeon)

   It has a curse which improves the following skills: Companions: Summonings
   and Necromancy.
   Introspection: Fighting and Spellcasting.
Missiles
 i - 8 poisoned darts (quivered)
Armour
 a - the cursed +0 robe of Ashenzari's Urgency (worn) {Alch, Range}

   It has a curse which improves the following skills: Alchemy: Poison Magic and
   Transmutations.
   Ranged Combat: Ranged Weapons and Throwing.
Jewellery
 l - an amulet of faith
Wands
 j - a wand of flame (23)
 q - a wand of mindburst (4)
 w - a wand of iceblast (7)
Scrolls
 g - 3 scrolls of butterflies
 h - 2 scrolls of immolation
 k - 4 scrolls of blinking
 o - 2 scrolls of brand weapon
 r - a scroll of torment
 t - a scroll of fear
 v - a scroll of fog
 y - 3 scrolls of teleportation
 A - a scroll of poison
Potions
 b - a potion of magic
 c - 2 potions of haste
 d - a potion of might
 f - 2 potions of berserk rage
 m - 4 potions of brilliance
 n - 2 potions of lignification
 p - 2 potions of flight
 s - a potion of mutation
 x - a potion of invisibility
 z - a potion of attraction
 B - 2 potions of curing


   Skills:
 + Level 3.7(4.4) Fighting
 + Level 3.7 Short Blades
 + Level 3.7 Long Blades
 + Level 3.7 Axes
 + Level 3.7 Maces & Flails
 + Level 3.7 Polearms
 + Level 3.7 Staves
 + Level 3.7(4.4) Ranged Weapons
 + Level 3.7(4.4) Throwing
 + Level 3.7 Armour
 + Level 6.0 Dodging
 + Level 5.6 Stealth
 + Level 3.7 Shields
 + Level 3.7 Unarmed Combat
 + Level 6.3(7.1) Spellcasting
 + Level 7.8 Conjurations
 + Level 3.0 Hexes
 + Level 3.0(3.7) Summonings
 + Level 3.0(3.7) Necromancy
 + Level 3.0 Translocations
 + Level 3.0(3.7) Transmutations
 + Level 3.0 Fire Magic
 + Level 3.0 Ice Magic
 + Level 3.0 Air Magic
 + Level 3.0 Earth Magic
 + Level 3.0(3.7) Poison Magic
 + Level 4.1 Invocations
 + Level 3.7 Evocations


You had 15 spell levels left.
You knew the following spells:

 Your Spells              Type           Power      Damage    Failure   Level
a - Magic Dart            Conj           100%       1d8       1%          1
b - Searing Ray           Conj           68%        2d6       1%          2
c - Frozen Ramparts       Ice            34%        1d6       9%          3

Your spell library contained the following spells:

 Spells                   Type           Power      Damage    Failure   Level
 Dazzling Flash           Conj/Hex       52%        N/A       3%          3
 Fulminant Prism          Conj/Hex       13%        3d8       12%         4
 Iskenderun's Mystic Bla  Conj/Tloc      26%        2d7       12%         4
 Ice Form                 Ice/Tmut       18%        N/A       26%         4
 Summon Ice Beast         Ice/Summ       18%        N/A       26%         4
 Summon Forest            Summ/Tloc      9%         N/A       58%         5
 Eringya's Noxious Bog    Tmut/Pois      9%         N/A       98%         6
 Summon Hydra             Summ           9%         N/A       100%        7


Dungeon Overview and Level Annotations

Branches:
Dungeon (6/15)             Temple (1/1) D:4           Sewer (visited)

Altars:
Ashenzari
Cheibriados
Dithmenos
Hepliaklqana
Makhleb
Okawaru
Qazlal
Ru
Trog

Annotations:
D:3 Sigmund


Innate Abilities, Weirdness & Mutations

You have very sharp teeth.
Your uncanny sense of smell can sniff out nearby items.
Your experience applies equally to all skills.


Message History

The steam dragon is severely wounded.
The steam dragon breathes steam at you. The ball of steam misses you.
Casting: Magic Dart (safe; 1% risk of failure)
Confirm with . or Enter, or press ? or * to list all spells.
Aiming: Searing Ray (safe; 1% risk of failure)
Press: ? - help, Shift-Dir - straight line, f/p - steam dragon
Aim: a steam dragon (steam, severely wounded, 81% to hit)
The searing ray misses the steam dragon. (Press . to maintain the ray.)
The searing ray misses the steam dragon.
The steam dragon breathes steam at you. The ball of steam hits you!!
The searing ray hits the steam dragon!
The steam dragon is almost dead.
You are engulfed in a cloud of scalding steam.
The steam dragon barely misses you. The steam dragon claws you.
The searing ray misses the steam dragon.
You finish channelling your searing ray.
You are engulfed in a cloud of scalding steam.
The steam dragon misses you. The steam dragon claws you.
* * * LOW HITPOINT WARNING * * *
The steam dragon barely misses you. The steam dragon claws you.
* * * LOW HITPOINT WARNING * * *
You feel much better. The steam dragon breathes steam at you.
The ball of steam hits you! The steam dragon breathes steam at you.
The ball of steam hits you!
* * * LOW HITPOINT WARNING * * *
Casting: Searing Ray (safe; 1% risk of failure)
Confirm with . or Enter, or press ? or * to list all spells.
Aiming: Searing Ray (safe; 1% risk of failure)
Press: ? - help, Shift-Dir - straight line, f/p - steam dragon
Aim: a steam dragon (almost dead, catching its breath, 81% to hit)
The searing ray hits the steam dragon.
The steam dragon is almost dead. (Press . to maintain the ray.)
The steam dragon bites you!
You die...

.......................#........#
................. #.......####...
..†.............. ##........##...
...........#.....###......)......
..................##.............
..................§§.............
..................?..[...........
................#D§.§............
..............#.@.#§#§#.........#
#.....##.... #.#§.§§§.......####
.......... .......#.#§#.......# #
....##...........§..§§§.§.....###
...####.##........#.#.#.§........
<.....#.......................)..
.....................#....##...#.
..............................###
..###.....##).. ...........#..


You could see a steam dragon (catching breath).

Vanquished Creatures
  Pargi (Sewer)
  2 black bears
  3 ogres
  4 scorpions
  A gnoll bouda (D:4)
  4 hounds
  2 orc priests (D:5)
  2 sleepcaps
  An iguana (D:5)
  8 orc wizards
  Ijyb (D:3)
  5 gnolls (D:4)
  7 adders
  An ufetubus (D:5)
  2 worms
  2 dart slugs
  18 orcs
  9 endoplasms
  4 giant cockroaches
  7 hobgoblins
  3 jackals
  4 quokkas
  9 ball pythons
  8 bats
  2 frilled lizards (D:3)
  7 goblins
  2 kobolds
  4 rats
123 creatures vanquished.

Notes
Turn   | Place    | Note
-------+----------+-------------------------------------------
     0 | D:1      | Cecky the Gnoll Conjurer began the quest for the Orb.
     0 | D:1      | Reached XP level 1. HP: 13/13 MP: 6/6
   186 | D:1      | Reached XP level 2. HP: 19/19 MP: 2/7
  1052 | D:1      | Reached skill level 5 in Spellcasting
  1052 | D:1      | Reached XP level 3. HP: 21/25 MP: 2/9
  1402 | D:2      | Reached skill level 1 in Invocations
  1744 | D:2      | Reached skill level 1 in Fighting
  1744 | D:2      | Reached skill level 1 in Short Blades
  1744 | D:2      | Reached skill level 1 in Long Blades
  1744 | D:2      | Reached skill level 1 in Axes
  1744 | D:2      | Reached skill level 1 in Maces & Flails
  1744 | D:2      | Reached skill level 1 in Polearms
  1744 | D:2      | Reached skill level 1 in Staves
  1744 | D:2      | Reached skill level 1 in Ranged Weapons
  1744 | D:2      | Reached skill level 1 in Throwing
  1744 | D:2      | Reached skill level 1 in Armour
  1744 | D:2      | Reached skill level 1 in Shields
  1744 | D:2      | Reached skill level 1 in Unarmed Combat
  1744 | D:2      | Reached skill level 1 in Evocations
  1811 | D:2      | Reached XP level 4. HP: 24/32 MP: 9/11
  2195 | D:3      | Noticed Ijyb
  2196 | D:3      | Upgraded the game from 0.30-a0-916-g98134172ad to
                  | 0.30-a0-919-g9323dee000
  2200 | D:3      | Learned a level 2 spell: Searing Ray
  2326 | D:3      | Reached skill level 1 in Hexes
  2326 | D:3      | Reached skill level 1 in Summonings
  2326 | D:3      | Reached skill level 1 in Necromancy
  2326 | D:3      | Reached skill level 1 in Translocations
  2326 | D:3      | Reached skill level 1 in Transmutations
  2326 | D:3      | Reached skill level 1 in Fire Magic
  2326 | D:3      | Reached skill level 1 in Ice Magic
  2326 | D:3      | Reached skill level 1 in Air Magic
  2326 | D:3      | Reached skill level 1 in Earth Magic
  2326 | D:3      | Reached skill level 1 in Poison Magic
  2612 | D:3      | Reached XP level 5. HP: 37/37 MP: 10/12
  2659 | D:3      | Found a faded altar of an unknown god.
  2787 | D:3      | Noticed Sigmund
  2877 | D:3      | Killed Ijyb
  3358 | D:4      | Reached XP level 6. HP: 38/44 MP: 6/13
  3515 | D:4      | Reached skill level 5 in Dodging
  4299 | D:4      | Found a staircase to the Ecumenical Temple.
  4308 | Temple   | Entered the Ecumenical Temple
  4508 | D:4      | Found a broken altar of Ashenzari.
  4514 | D:4      | Became a worshipper of Ashenzari the Shackled
  4653 | D:4      | Reached XP level 7. HP: 51/51 MP: 10/15
  4789 | D:5      | Entered Level 5 of the Dungeon
  4818 | D:5      | Learned a level 3 spell: Frozen Ramparts
  5023 | D:5      | Reached skill level 5 in Stealth
  5104 | D:5      | Found a stormy altar of Qazlal.
  5106 | D:5      | Noticed an air elemental
  5108 | D:5      | Noticed a fire elemental
  5108 | D:5      | Noticed a water elemental
  5669 | D:5      | Reached XP level 8. HP: 16/58 MP: 12/16
  6140 | D:5      | Found an iron altar of Okawaru.
  6593 | D:6      | Reached * piety under Ashenzari
  6646 | D:6      | Found a glowing drain.
  6666 | Sewer    | Entered a sewer
  6740 | Sewer    | Noticed Pargi
  6750 | Sewer    | Killed Pargi
  7062 | D:6      | Slain by a steam dragon

Illustrated notes

Levels and vault maps discovered:
D:1:      minmay_arrival_cross, layout_basic,
          nicolae_concentric_dashed_squares_wild, minmay_indecisive_spiral
D:2:      layout_loops_cross
D:3:      layout_loops_cross, basic_ecumenical_altar, uniq_sigmund, uniq_ijyb
D:4:      layout_cave_pools, mainiacjoe_overflow_alcove_1, temple_doors_e
D:5:      layout_loops_corners, nicolae_qazlal_style_of_elements,
          kennysheep_okawaru_gauntlet, minmay_misc_feat_pillars
D:6:      layout_cave_pools, cheibrodos_sewer_entry_drain, serial_glass,
          glass_columns_b, glass_columns_a, glass_columns_a, glass_columns_a,
          kennysheep_pointless_box
Temple:   nicolae_temple_two_arcs

Skill      XL: |  1  2  3  4  5  6  7  8 |
---------------+-------------------------+-----
Spellcasting   | 5 6 |  6.3
Invocations    | 1 2 3 4 |  4.1
Fighting       | 1 2 3 |  3.7
Short Blades   | 1 2 3 |  3.7
Long Blades    | 1 2 3 |  3.7
Axes           | 1 2 3 |  3.7
Maces & Flails | 1 2 3 |  3.7
Polearms       | 1 2 3 |  3.7
Staves         | 1 2 3 |  3.7
Ranged Weapons | 1 2 3 |  3.7
Throwing       | 1 2 3 |  3.7
Armour         | 1 2 3 |  3.7
Shields        | 1 2 3 |  3.7
Unarmed Combat | 1 2 3 |  3.7
Evocations     | 1 2 3 |  3.7
Hexes          | 1 2 3 |  3.0
Summonings     | 1 2 3 |  3.0
Necromancy     | 1 2 3 |  3.0
Translocations | 1 2 3 |  3.0
Transmutations | 1 2 3 |  3.0
Fire Magic     | 1 2 3 |  3.0
Ice Magic      | 1 2 3 |  3.0
Air Magic      | 1 2 3 |  3.0
Earth Magic    | 1 2 3 |  3.0
Poison Magic   | 1 2 3 |  3.0
Dodging        | 5 6 |  6.0
Stealth        | 5 |  5.6
Conjurations   | |  7.8

Action                     |  1- 3 |  4- 6 |  7- 9 || total
---------------------------+-------+-------+-------++-------
  Melee: Dagger            |    10 |     4 |       ||    14
         Whip              |       |     9 |    60 ||    69
         Bite              |       |     3 |     6 ||     9
         Punch             |       |       |     1 ||     1
   Cast: Magic Dart        |    65 |    94 |    80 ||   239
         Searing Ray       |       |    13 |    17 ||    30
         Frozen Ramparts   |       |       |     4 ||     4
 Invoke: Curse Item        |       |       |     2 ||     2
    Use: Scroll            |       |     4 |     1 ||     5
         Potion            |       |       |     1 ||     1
 Armour: Robe              |     5 |     3 |     9 ||    17
  Dodge: Dodged            |    11 |    13 |    60 ||    84

Table legend: (Time is in decaauts)
 A = Elapsed time spent in this place.
 B = Non-inter-level travel time spent in this place.
 C = Inter-level travel time spent in this place.
 D = Time resting spent in this place.
 E = Time spent auto-exploring this place.
 F = Levels seen in this place.
 G = Mean time per level.
                   A        B        C        D        E       F      G
               +--------+--------+--------+--------+--------+-----+--------+
         Total |   7078 |   6882 |    196 |   1525 |   4261 |   8 |  884.8 |
       Dungeon |   6765 |   6569 |    196 |   1455 |   4093 |   6 | 1127.5 |
        Temple |    122 |    122 |      0 |      0 |    107 |   1 |  122.0 |
         Sewer |    190 |    190 |      0 |     70 |     61 |   1 |  190.0 |
               +--------+--------+--------+--------+--------+-----+--------+

Top non-repeatable levels by time:
     D:5: 1702 daAuts
     D:4: 1270 daAuts
     D:1: 1235 daAuts
     D:3: 1193 daAuts
     D:2: 1017 daAuts
     D:6: 346 daAuts
   Sewer: 190 daAuts
  Temple: 122 daAuts
